Map: Ever Dream LE

Players

prospeKt

  • Race: Zerg Zerg
  • League: Platinum
  • Spawn Location: 7:00

VOD

Have the link to the VOD?

Description

Time

  • Played on: June 3, 2020, 5:29 a.m.
  • Length: 14:09
Show
View Real Time Build Order
Export as new Build Order

prospeKt Zerg 

Build Orders:  

Get SALT Encoding   

  12  0:01  Drone  
  13  0:18  Overlord  
  13  0:28  Drone  
  14  0:46  Drone  
  14  0:47  Drone  
  16  0:50  Drone  
  17  1:15  Hatchery  
  17  1:19  Drone  
  17  1:24  Drone  
  18  1:45  Spawning Pool  
  18  1:47  Drone  
  18  2:01  Drone  
  18  2:04  Drone  
  20  2:10  Extractor  
  19  2:24  Drone  
  20  2:34  Drone  
  21  2:52  Drone  
  21  2:57  Queen x2  
  21  2:59  Overlord  
  26  3:08  Drone  
  27  3:15  Drone  
  28  3:28  Drone  
  28  3:29  Drone  
  30  3:35  Overlord  
  30  3:44  Drone  
  31  3:52  Queen  
  31  3:56  Drone x2  
  35  4:03  Overlord  
  35  4:13  Overlord  
  35  4:15  Lair  
  35  4:19  Drone  
  36  4:26  Overlord  
  36  4:33  Drone x3  
  36  4:34  Drone  
  36  4:35  Drone  
  36  4:36  Drone x2  
  43  4:43  Drone  
  44  4:51  Roach Warren  
  44  4:53  Evolution Chamber  
  44  4:55  Extractor  
  44  4:58  Extractor  
  40  5:07  Drone x3  
  43  5:14  Drone  
  44  5:23  Drone  
  44  5:24  Drone  
  44  5:26  Drone  
  47  5:33  Hatchery  
  47  5:38  Drone x4  
  50  5:40  Drone  
  51  6:00  Roach x2  
  51  6:02  Drone  
  51  6:04  Roach x3  
  51  6:07  Overlord  
  62  6:27  Overlord  
  62  6:28  Roach  
  64  6:40  Roach x2  
  68  7:05  Roach x2  
  68  7:07  Roach x2  
  68  7:08  Drone x3  
  79  7:14  Overlord  
  79  7:15  Overlord  
  79  7:20  Drone  
  80  7:30  Hydralisk Den  
  80  7:31  Drone  
  80  7:32  Evolution Chamber, Drone  
  80  7:42  Zerg Missile Weapons Level 1  
  80  7:44  Glial Reconstitution  
  80  7:45  Drone  
  80  7:46  Drone x4  
  80  7:47  Drone  
  86  8:12  Drone x6  
  86  8:17  Drone, Extractor  
  86  8:18  Drone x3, Extractor  
  94  8:28  Zerg Ground Armor Level 1  
  94  8:29  Drone  
  95  8:30  Drone x2  
  97  8:55  Drone  
  97  8:56  Drone x7  
  97  8:59  Hatchery  
  104  9:20  Hatchery x2  
  104  9:21  Drone x4  
  104  9:25  Overlord x5  
  106  9:55  Drone x3  
  106  9:57  Drone x3  
  106  9:58  Drone x2  
  114  10:00  Hydralisk  
  114  10:01  Hydralisk x2  
  114  10:06  Hydralisk x4  
  114  10:07  Unknown  
  128  10:36  Hydralisk x9  
  146  10:41  Extractor  
  146  10:43  Hatchery  
  146  10:47  Extractor  
  143  11:20  Hydralisk x4  
  143  11:21  Hydralisk x6  
  143  11:22  Overlord x6  
  143  11:23  Overlord  
  163  11:38  Tunneling Claws  
  163  11:43  Extractor  
  163  11:44  Hydralisk  
  164  11:50  Hydralisk x6  
  164  11:51  Hydralisk  
  164  11:53  Drone  
  164  11:54  Drone  
  180  12:02  Drone x2  
  182  12:18  Hydralisk x2  
  182  12:19  Hydralisk x4  
  194  12:22  Hatchery  
  193  12:43  Hydralisk  
  193  12:44  Hydralisk x2  
  193  12:47  Drone  
  200  13:17  Unknown  
Tags
 
Add a new tag
Caveats
  • Supply blocks, unpowered buildings, or Contaminate may cause inaccurate times.
  • Supply counts are checked every 10 seconds.